Map: Jagannatha LE

Players

Eredek

  • Race: Terran Terran
  • League: Master
  • Spawn Location: 7:00

ViBE - Winner!

  • Race: Protoss Protoss
  • League: Platinum
  • Spawn Location: 1:00

VOD

Have the link to the VOD?

Description

Time

  • Played on: March 31, 2021, 10:02 p.m.
  • Length: 12:36
Show
View Real Time Build Order
Export as new Build Order

Eredek Terran 

Build Orders:  

Get SALT Encoding   

  12  0:00  SCV  
  13  0:12  SCV  
  14  0:18  Supply Depot  
  14  0:24  SCV  
  15  0:39  SCV  
  15  0:40  Barracks  
  16  0:46  Refinery  
  16  0:51  SCV  
  17  1:03  SCV  
  18  1:16  SCV  
  19  1:21  Supply Depot  
  19  1:28  SCV  
  19  1:32  Reaper, Barracks  
  21  1:40  Refinery, SCV  
  22  2:06  Command Center  
  22  2:15  Orbital Command  
  22  2:24  Barracks Reactor  
  22  2:31  Factory  
  22  2:34  Barracks Tech Lab  
  22  2:48  SCV  
  23  2:58  Stimpack  
  23  3:00  SCV, Barracks  
  24  3:12  SCV  
  25  3:19  Orbital Command  
  25  3:22  Marine x2  
  25  3:24  SCV  
  25  3:25  Marauder  
  29  3:27  Factory Reactor  
  29  3:36  SCV  
  29  3:40  Starport  
  30  3:47  SCV  
  31  3:48  SCV  
  31  3:53  Barracks Reactor, Supply Depot  
  32  3:58  Marauder  
  34  4:06  Widow Mine  
  36  4:14  SCV x2  
  38  4:17  Marine x2  
  38  4:18  Refinery  
  38  4:19  Marauder  
  38  4:22  Widow Mine  
  44  4:26  SCV x2  
  44  4:28  Widow Mine  
  44  4:29  Supply Depot  
  44  4:31  Starport Reactor  
  48  4:33  Starport Tech Lab  
  48  4:35  Marine x2  
  48  4:38  SCV  
  51  4:39  SCV  
  51  4:44  Engineering Bay  
  52  4:48  Marine  
  52  4:49  Marine  
  52  4:50  SCV  
  52  4:51  SCV  
  52  4:52  Refinery  
  56  5:00  Marine, Marauder  
  56  5:02  SCV, Concussive Shells  
  56  5:05  SCV  
  56  5:06  Marine  
  62  5:10  Supply Depot  
  62  5:15  Terran Infantry Weapons Level 1  
  62  5:32  Marine x2, SCV x2  
  62  5:34  Supply Depot  
  68  5:37  Engineering Bay  
  68  5:39  Armory  
  68  5:44  SCV x2  
  68  5:49  Marine  
  69  5:55  Marine x2  
  69  5:56  SCV x2, Marauder  
  75  5:58  Combat Shield  
  75  6:02  Medivac  
  77  6:07  Supply Depot  
  77  6:08  SCV  
  78  6:13  Terran Infantry Armor Level 1  
  78  6:21  Supply Depot  
  78  6:28  Marine x2, Medivac  
  78  6:29  SCV, Siege Tank  
  86  6:40  Marine  
  86  6:41  SCV  
  86  6:42  Marine, SCV  
  86  6:43  Marauder  
  86  6:46  Marine x2  
  90  6:53  SCV  
  91  6:54  Supply Depot, SCV  
  91  6:58  Marine  
  91  7:00  Marine  
  94  7:05  SCV  
  92  7:09  Marine, SCV, Marauder  
  92  7:10  Siege Tank  
  92  7:11  Marine, Medivac  
  82  7:16  Marine  
  82  7:17  SCV  
  82  7:18  Marine  
  82  7:21  SCV  
  82  7:26  Marine  
  82  7:29  SCV, Command Center  
  84  7:30  Marauder  
  84  7:31  Supply Depot  
  84  7:32  Marine  
  84  7:33  SCV  
  84  7:34  Marine  
  84  7:36  Marine  
  90  7:42  SCV, Siege Tank  
  94  7:46  Barracks  
  94  7:47  Terran Infantry Weapons Level 2  
  94  7:49  Barracks  
  94  7:53  Medivac x2  
  94  7:56  Marine  
  99  8:13  Marine  
  99  8:14  Marine, Terran Infantry Armor Level 2, Siege Tank, Marauder  
  99  8:16  Terran Vehicle Weapons Level 1  
  106  8:20  Marine  
  106  8:21  Marine  
  106  8:22  SCV x2  
  110  8:41  Marine x3, SCV  
  111  8:56  Marine  
  111  8:57  Marine  
  111  8:59  Marine  
  93  9:28  Marine  
  93  9:29  Marine  
  93  9:31  Marine x3  
  86  9:36  Siege Tank  
  86  9:38  Barracks Reactor x2  
  90  9:42  Refinery  
  90  9:43  Refinery, Orbital Command  
  90  9:46  Marine x2  
  90  9:48  Marine  
  90  9:49  Marine x2  
  90  9:50  Supply Depot  
  90  9:51  Supply Depot  
  90  9:52  Supply Depot  
  95  9:53  Supply Depot  
  95  9:57  Command Center  
  95  9:59  Medivac x2  
  99  10:04  Marine x2  
  99  10:06  Marine x2  
  99  10:07  Marine  
  103  10:09  Siege Tank  
  107  10:14  Marine x2  
  107  10:18  Supply Depot  
  107  10:21  Supply Depot  
  109  10:22  Marine x2  
  109  10:24  Marine x3  
  109  10:27  Marine  
  115  10:35  Marine x2  
  115  10:40  Marine x2  
  115  10:41  Siege Tank  
  124  10:43  Marauder  
  124  11:01  Marine  
  124  11:02  Marine  
  111  11:04  Marauder  
  111  11:09  Marine x4  
  111  11:10  Marine x2  
  102  11:13  Orbital Command, Siege Tank  
  102  11:14  SCV  
  105  11:19  Marine x2  
  109  11:25  Marauder  
  109  11:26  Marine  
  109  11:27  Marine x3, Medivac, Factory  
  109  11:28  Marine x2  
  117  11:37  Marine x2  
  119  11:44  Marine x3  
  119  11:45  Marine x2, Siege Tank  
  119  11:46  Marine  
  130  11:47  Medivac, Marauder  
  130  11:50  SCV  
  130  11:51  SCV  
  131  11:55  Marine x2  
  131  11:57  Medivac  
  105  12:02  Marine  
  91  12:08  Marauder  
  91  12:13  Marine x3  
Show
View Real Time Build Order
Export as new Build Order

ViBE Protoss - Winner!

Build Orders: 1 Gate Expand, Archon Immortal 

Get SALT Encoding   

  12  0:00  Probe  
  13  0:12  Probe  
  14  0:18  Pylon  
  14  0:24  Probe  
  15  0:36  Probe (Chrono Boost)  
  15  0:41  Gateway  
  16  0:43  Assimilator  
  16  0:49  Probe (Chrono Boost)  
  17  0:58  Probe (Chrono Boost)  
  18  1:05  Probe  
  19  1:17  Probe  
  20  1:29  Probe  
  21  1:36  Nexus  
  21  1:40  Cybernetics Core  
  21  1:43  Probe  
  22  1:48  Assimilator  
  22  1:52  Pylon  
  22  1:57  Probe  
  23  2:13  Stalker (Chrono Boost)  
  23  2:17  Warp Gate  
  25  2:25  Pylon  
  25  2:30  Probe (Chrono Boost)  
  26  2:41  Probe (Chrono Boost)  
  27  2:48  Probe x2 (Chrono Boost)  
  27  2:50  Sentry  
  30  2:54  Gateway, Robotics Facility  
  32  2:59  Probe (Chrono Boost)  
  32  3:01  Probe (Chrono Boost)  
  32  3:06  Probe  
  32  3:10  Probe  
  33  3:18  Probe  
  33  3:22  Probe  
  34  3:30  Stalker, Probe  
  37  3:34  Shield Battery, Probe  
  38  3:42  Probe  
  38  3:46  Probe  
  40  3:49  Observer  
  40  3:54  Probe  
  42  3:58  Probe  
  42  3:59  Pylon  
  43  4:05  Pylon  
  43  4:06  Probe  
  44  4:10  Stalker x2, Probe  
  44  4:11  Immortal  
  53  4:18  Probe  
  53  4:22  Probe  
  55  4:30  Probe  
  56  4:31  Nexus  
  56  4:32  Pylon  
  56  4:35  Probe  
  57  4:42  Probe  
  57  4:43  Stalker  
  57  4:44  Stalker  
  62  4:47  Assimilator  
  62  4:49  Assimilator  
  63  4:52  Probe  
  63  4:55  Probe  
  64  5:00  Immortal  
  64  5:05  Probe  
  70  5:07  Probe  
  70  5:17  Probe  
  70  5:19  Probe  
  70  5:21  Stalker x2  
  76  5:29  Probe  
  76  5:31  Pylon, Probe  
  76  5:34  Pylon  
  78  5:43  Probe x2  
  78  5:49  Probe  
  81  5:54  Immortal  
  81  5:55  Stalker x2, Probe x2  
  91  6:01  Probe  
  91  6:02  Twilight Council  
  92  6:07  Probe x2 (Chrono Boost)  
  92  6:08  Forge  
  94  6:14  Forge, Probe (Chrono Boost)  
  97  6:19  Probe x2 (Chrono Boost)  
  97  6:21  Pylon  
  97  6:23  Pylon, Probe (Chrono Boost)  
  98  6:26  Probe x2 (Chrono Boost)  
  98  6:27  Pylon  
  98  6:28  Probe (Chrono Boost)  
  98  6:31  Assimilator  
  98  6:32  Assimilator, Zealot  
  103  6:33  Zealot  
  103  6:37  Immortal  
  109  6:42  Probe x3  
  112  6:55  Protoss Ground Weapons Level 1 (Chrono Boost), Nexus, Protoss Ground Armor Level 1 (Chrono Boost)  
  112  6:56  Charge (Chrono Boost)  
  112  6:57  Pylon  
  112  7:00  Pylon, Zealot x2  
  105  7:12  Probe x2  
  105  7:13  Probe  
  98  7:17  Templar Archives  
  102  7:23  Immortal  
  102  7:24  Probe x2  
  102  7:25  Probe  
  105  7:36  Probe  
  105  7:37  Probe x2  
  107  7:40  Gateway  
  107  7:41  Gateway  
  107  7:42  Gateway  
  108  7:46  Gateway  
  108  7:48  Probe  
  108  7:49  Probe x2  
  111  7:59  High Templar x2  
  111  8:01  Probe x3  
  111  8:03  Archon  
  111  8:05  Immortal  
  122  8:13  Probe x3  
  122  8:19  Probe  
  126  8:25  Probe  
  127  8:31  Gateway  
  127  8:32  Assimilator  
  127  8:33  Gateway  
  127  8:34  Assimilator  
  127  8:35  Gateway  
  127  8:36  Gateway  
  127  8:42  Nexus, High Templar x2  
  127  8:43  High Templar x4  
  127  8:44  Pylon  
  127  8:46  Pylon  
  127  8:47  Archon  
  127  8:48  Archon  
  139  8:49  Archon  
  139  8:50  Probe x2  
  139  8:51  Probe x2  
  142  8:59  Pylon  
  142  9:02  Pylon  
  142  9:08  Immortal  
  142  9:15  Zealot x3  
  142  9:16  Zealot x2  
  142  9:24  Photon Cannon  
  142  9:25  Photon Cannon  
  142  9:27  Shield Battery  
  142  9:29  Dark Shrine  
  138  9:33  Photon Cannon  
  138  9:35  Photon Cannon  
  138  9:36  Shield Battery  
  138  9:38  Photon Cannon  
  138  9:40  Probe  
  138  9:41  Shield Battery, Probe x3  
  138  9:42  Photon Cannon  
  138  9:45  Pylon, High Templar x3  
  144  9:46  High Templar x3  
  144  9:48  Protoss Ground Weapons Level 2 (Chrono Boost), High Templar x2  
  144  9:49  Protoss Ground Armor Level 2 (Chrono Boost), Zealot x2  
  144  9:51  Archon x2  
  144  9:52  Archon x2  
  162  10:03  Robotics Facility  
  162  10:08  Probe x2  
  164  10:15  Photon Cannon  
  164  10:16  Photon Cannon  
  164  10:18  Shield Battery, Photon Cannon  
  164  10:22  Photon Cannon  
  164  10:23  Shield Battery  
  164  10:29  Zealot x4  
  164  10:30  Zealot  
  164  10:31  High Templar x2  
  164  10:32  High Templar x2  
  164  10:35  Archon  
  182  10:36  Archon  
  182  10:44  Immortal  
  182  10:49  Nexus  
  186  10:51  Pylon  
  186  10:54  Pylon  
  186  10:59  Zealot  
  186  11:00  Zealot x3  
  194  11:06  Photon Cannon  
  194  11:07  Assimilator  
  194  11:11  Assimilator  
  194  11:20  Zealot x2  
  194  11:21  Zealot  
  200  11:35  Photon Cannon  
  200  11:37  Photon Cannon  
  200  11:38  Shield Battery  
  200  11:41  Assimilator  
  200  11:45  Assimilator  
  190  12:05  Gateway  
  190  12:06  Gateway  
  170  12:12  Zealot  
  170  12:13  Zealot x9  
  186  12:15  Gateway  
  186  12:17  Gateway  
  186  12:19  Gateway  
  186  12:23  Gateway  
  186  12:25  Gateway  
  186  12:29  Gateway  
  186  12:30  Pylon  
  186  12:33  Pylon  
Tags
 
Composition
Archon Immortal
Matchup
PvT
Player
ViBE
Replay Pack
Platinum_League
Spawn Locations
Cross Positions
Add a new tag
Caveats
  • Supply blocks, unpowered buildings, or Contaminate may cause inaccurate times.
  • Supply counts are checked every 10 seconds.